 Dungeon Sprint DCSS version 0.28-a0-863-g8cecda6153 (webtiles) character file.

Game seed: 6096967412407509613

431 kae the Insei (level 6, -10/69 HPs)
             Began as a Draconian Transmuter on Nov 18, 2021.
             Was an Initiate of Ru.
             Mangled by Sonja (17 damage)
             ... in the Dungeon (Sprint I: "Red Sonja").
             The game lasted 00:00:54 (524 turns).

kae the Insei (Draconian Transmuter)                 Turns: 524, Time: 00:00:54

Health: -10/69     AC:  7    Str: 12    XL:     6   Next: 67%
Magic:  12/15      EV: 11    Int: 15    God:    Ru [......]
Gold:   261        SH:  0    Dex: 12    Spells: 9/17 levels left

rFire   x . .      SeeInvis .     - Unarmed
rCold   + + +      Faith    .   (shield currently unavailable)
rNeg    . . .      Spirit   .   (armour unavailable)
rPois   +          Reflect  .   (helmet currently unavailable)
rElec   .          Harm     .   (cloak currently unavailable)
rCorr   .          Rampage  .   (gloves currently unavailable)
Will    .....      NoTele   +   (boots currently unavailable)
Stlth   +.........              (no amulet)
HPRegen 0.21/turn               (no ring)
MPRegen 0.14/turn               (no ring)

@: ice-form
A: freezing attack, amphibious, boosted hp, AC +6, large, unfitting armour,
(cold-blooded)
a: End Transformation, Renounce Religion


You were in the Dungeon.
You worshipped Ru.
Ru was noncommittal.
You were a creature of crystalline ice.
You visited 1 branch You collected 261 gold pieces.

Inventory:

Scrolls
 f - a scroll of blinking
Potions
 d - 2 potions of magic


   Skills:
 + Level 6.9 Fighting
 + Level 6.0 Dodging
 + Level 7.0 Unarmed Combat
 + Level 6.1 Spellcasting
 + Level 6.5 Transmutations
 + Level 2.4 Ice Magic


You had 9 spell levels left.
You knew the following spells:

 Your Spells              Type           Power      Damage    Failure   Level
a - Beastly Appendage     Tmut           48%        N/A       1%          1
b - Spider Form           Tmut/Pois      14%        N/A       11%         3
c - Ice Form              Ice/Tmut       18%        N/A       22%         4

Your spell library contained the following spells:

 Spells                   Type           Power      Damage    Failure   Level
 Wereblood                Tmut           24%        N/A       1%          2


Dungeon Overview and Level Annotations

Branches:
Dungeon (1/1)

Altars:
Cheibriados
Dithmenos
Elyvilon
Fedhas
Gozag
Hepliaklqana
Kikubaaqudgha
Nemelex Xobeh
Okawaru
Qazlal
Ru
Sif Muna
Trog
Uskayaw
Vehumet
Wu Jian
Yredelemnul
Zin
The Shining One

Shops:
D [

Annotations:
D Sonja


Innate Abilities, Weirdness & Mutations

You are a creature of crystalline ice.
You have a powerful freezing melee attack.
You are amphibious.
Your maximum health is increased.
Your armour is entirely melded.
You are incapable of wielding weapons or throwing items.
((Your plain brown scales are hard. (AC +6)))
You cannot fit into any form of body armour.
((You are cold-blooded and may be slowed by cold attacks.))


Message History

Sonja mumbles some strange words.
Sonja blinks!
Sonja says, "I'm academy-trained, you know."
There is an open door here.
You close the door.
Sonja opens the door.
Sonja throws a curare-tipped dart.
The curare-tipped dart barely misses you.
You close the door.
Sonja opens the door.
You close the door.
Sonja breaks down the door.
It's broken and can't be closed.
Sonja closely misses you. x2
Sonja hits you with a +1 short sword of distortion.
Space warps around you.
Sonja twirls her cape.
Sonja hits you with a +1 short sword of distortion.
Space warps horribly around you! Sonja hits you but does no damage.
Space warps horribly around you!!
* * * LOW HITPOINT WARNING * * *
Sonja barely misses you.
There is a broken door here.
You feel much better.
Sonja hits you with a +1 short sword of distortion.
Space warps around you.
Sonja hits you with a +1 short sword of distortion.
Sonja barely misses you.
Okay, then.
You hit Sonja but do no damage. Sonja closely misses you.
Sonja hits you but does no damage. Space warps around you.
* * * LOW HITPOINT WARNING * * *
Sonja hits you but does no damage. Space warps horribly around you!
* * * LOW HITPOINT WARNING * * *
You feel better.
Sonja hits you with a +1 short sword of distortion!
* * * LOW HITPOINT WARNING * * *
Sonja hits you with a +1 short sword of distortion.
* * * LOW HITPOINT WARNING * * *
Sonja barely misses you. Sonja misses you.
Sonja hits you with a +1 short sword of distortion.
* * * LOW HITPOINT WARNING * * *
Space warps horribly around you!
You die...

#<.#..').#.)'..#__*,,+,,,*,,*
#..').#..'..#..+,,+,,*,,,**+*
#..#####+#####'#__****,,,+,,*
#..####,,#...#.#***,,*****,,+
#..#__####..##.#≈≈≈,,*,,**+**
#..#_____##'#_.+≈≈≈,,+,,*,,,,
#⌠⌠#_.∩...†..._#≈≈≈,,*,,*,,,,
####_..__##K.#+#*+*****+***,,
*,,#_____###Y#,*,,,,***,+,*,,
***#######*#.#***+***,***,*,,
*∩,,,,,,,,+$.$+,,,,,+,∩**,*,,
***++++***#$.$#**********,**+
*,,,,,,,**##.##*,,,,,,,**,**,
*,,,,,,,,*,#+#,*,,,,,,,,+,***
*,,*,,,,,*,,,,,*+++******,*,,
*,,,,,,,,*,,,,,*,,,,,,,,*,***
*,,,,,*,,*******,,,,,,,*+,*,,


You could see Sonja.

Vanquished Creatures
  A yak (D)
  Sigmund (D)
  An ogre (D)
  A jelly (D)
  Ijyb (D)
5 creatures vanquished.

Notes
Turn   | Place    | Note
-------+----------+-------------------------------------------
     0 | D        | kae the Draconian Transmuter began the quest for the Orb.
     0 | D        | Reached XP level 1. HP: 16/16 MP: 3/3
     4 | D        | Noticed Ijyb
    15 | D        | Killed Ijyb
    16 | D        | Reached XP level 2. HP: 19/25 MP: 3/6
   102 | D        | Noticed an ogre
   108 | D        | Killed an ogre
   109 | D        | Reached skill level 5 in Unarmed Combat
   109 | D        | Reached XP level 3. HP: 34/34 MP: 5/8
   109 | D        | Reached XP level 4. HP: 41/41 MP: 6/10
   134 | D        | Learned a level 3 spell: Spider Form
   139 | D        | Learned a level 4 spell: Ice Form
   140 | D        | Noticed Sigmund
   152 | D        | Killed Sigmund
   153 | D        | Reached skill level 5 in Dodging
   153 | D        | Reached skill level 6 in Unarmed Combat
   153 | D        | Reached skill level 5 in Spellcasting
   153 | D        | Reached skill level 5 in Transmutations
   153 | D        | Reached XP level 5. HP: 50/50 MP: 8/12
   191 | D        | Found an ornate altar of the Wu Jian Council.
   191 | D        | Found a shimmering blue altar of Sif Muna.
   195 | D        | Found a radiant altar of Vehumet.
   201 | D        | Reached XP level 6. HP: 41/57 MP: 10/14
   391 | D        | Found Loegoaki's Armour Emporium.
   391 | D        | Found an ancient bone altar of Kikubaaqudgha.
   391 | D        | Found a hazy altar of Hepliaklqana.
   391 | D        | Found a stormy altar of Qazlal.
   391 | D        | Found a hide-covered altar of Uskayaw.
   391 | D        | Found a blossoming altar of Fedhas.
   391 | D        | Found a bloodstained altar of Trog.
   391 | D        | Found an iron altar of Okawaru.
   391 | D        | Found a basalt altar of Yredelemnul.
   391 | D        | Found a glowing golden altar of the Shining One.
   391 | D        | Found a snail-covered altar of Cheibriados.
   391 | D        | Found a sacrificial altar of Ru.
   391 | D        | Found a glowing silver altar of Zin.
   391 | D        | Found a shadowy altar of Dithmenos.
   391 | D        | Found a white marble altar of Elyvilon.
   391 | D        | Noticed a yak
   401 | D        | Killed a yak
   402 | D        | Reached skill level 7 in Unarmed Combat
   402 | D        | Found an opulent altar of Gozag.
   403 | D        | Found a sparkling altar of Nemelex Xobeh.
   432 | D        | Became a worshipper of Ru the Awakened
   509 | D        | Noticed Sonja
   524 | D        | Mangled by Sonja

Illustrated notes

Levels and vault maps discovered:
D:        dungeon_sprint_1 [red_sonja_temple_1, red_sonja_temple_small_1]

Skill      XL: |  1  2  3  4  5  6 |
---------------+-------------------+-----
Fighting       | 2 4 6 |  6.9
Dodging        | 2 4 5 6 |  6.0
Spellcasting   | 3 4 5 6 |  6.1
Transmutations | 3 4 5 6 |  6.5
Unarmed Combat | 5 6 7 |  7.0
Ice Magic      | 2 |  2.4

Action                   |  1- 3 |  4- 6 || total
-------------------------+-------+-------++-------
Melee: Unarmed           |    15 |    26 ||    41
       Headbutt          |     5 |       ||     5
       Kick              |     6 |       ||     6
       Tailslap          |     3 |       ||     3
 Cast: Beastly Appendage |     2 |       ||     2
       Spider Form       |       |     2 ||     2
       Ice Form          |       |     2 ||     2
  Use: Potion            |     2 |     2 ||     4
       Scroll            |       |     1 ||     1
 Stab: Sleeping          |       |     1 ||     1
Armor: Skin              |       |     6 ||     6
Dodge: Dodged            |     7 |    27 ||    34

Table legend: (Time is in decaauts)
 A = Elapsed time spent in this place.
 B = Non-inter-level travel time spent in this place.
 C = Inter-level travel time spent in this place.
 D = Time resting spent in this place.
 E = Time spent auto-exploring this place.
 F = Levels seen in this place.
 G = Mean time per level.
                   A        B        C        D        E       F      G
               +--------+--------+--------+--------+--------+-----+--------+
         Total |    504 |    504 |      0 |    290 |    113 |   1 |  504.0 |
       Dungeon |    504 |    504 |      0 |    290 |    113 |   1 |  504.0 |
               +--------+--------+--------+--------+--------+-----+--------+

Top non-repeatable levels by time:
       D: 504 daAuts
